Map: [TLMC15] Pride of Altaris

Players

DRG

  • Race: Zerg Zerg

Serral - Winner!

  • Race: Zerg Zerg

Event: StayAtHome Story Cup #4

VOD

Have the link to the VOD?

Description

Time

  • Played on: Oct. 23, 2021, 11:11 a.m.
  • Length: 11:23

All games in this series

Show
View Real Time Build Order
Export as new Build Order

DRG Zerg 

Build Orders: Hatch First 

Get SALT Encoding   

  12  0:00  Drone  
  13  0:12  Overlord  
  13  0:16  Drone  
  14  0:30  Drone x2  
  16  0:47  Hatchery  
  15  0:50  Drone  
  15  0:54  Drone  
  17  0:57  Drone  
  18  1:08  Extractor  
  17  1:12  Spawning Pool  
  17  1:16  Drone  
  17  1:18  Drone  
  18  1:28  Drone  
  19  1:38  Drone  
  20  1:49  Drone  
  21  1:59  Queen x2  
  21  2:00  Overlord  
  21  2:01  Zergling x2  
  26  2:08  Metabolic Boost  
  26  2:10  Drone x2  
  28  2:23  Drone x2  
  30  2:32  Drone x2  
  32  2:38  Hatchery  
  32  2:43  Queen  
  33  2:51  Baneling Nest  
  32  2:54  Overlord  
  32  2:55  Drone  
  32  2:57  Drone  
  34  3:01  Zergling x2  
  34  3:04  Zergling x2  
  40  3:12  Drone x4  
  40  3:18  Overlord  
  40  3:24  Zergling x6  
  43  3:27  Drone  
  44  3:34  Overlord  
  44  3:38  Drone  
  45  3:41  Drone x3  
  45  3:43  Evolution Chamber  
  45  3:45  Drone  
  45  3:47  Baneling  
  45  3:48  Baneling  
  48  3:51  Zergling x2  
  48  3:52  Drone  
  48  3:53  Drone  
  48  3:55  Drone x2  
  53  4:01  Zergling x2  
  53  4:02  Drone  
  55  4:04  Drone  
  56  4:12  Zergling x4  
  56  4:13  Baneling x2  
  56  4:14  Drone x4  
  56  4:16  Zerg Missile Weapons Level 1  
  59  4:17  Extractor  
  59  4:18  Extractor  
  59  4:19  Drone  
  59  4:21  Drone  
  59  4:26  Roach Warren  
  58  4:33  Drone x6  
  58  4:36  Drone  
  65  4:39  Overlord  
  65  4:42  Lair  
  65  4:44  Overlord  
  65  4:46  Overlord  
  65  4:51  Drone  
  65  4:52  Overlord  
  65  4:55  Overlord  
  65  5:02  Drone x6  
  65  5:06  Drone  
  72  5:07  Drone x2  
  72  5:10  Drone  
  72  5:11  Extractor  
  72  5:12  Drone  
  75  5:14  Drone  
  75  5:19  Extractor x2  
  75  5:21  Drone x4  
  78  5:26  Roach x3  
  84  5:33  Overlord  
  84  5:35  Pneumatized Carapace  
  84  5:39  Hatchery, Overlord  
  84  5:42  Overseer, Drone x3  
  86  5:47  Roach x3  
  92  5:51  Overlord  
  92  5:54  Spire  
  92  5:55  Drone  
  92  6:00  Roach  
  92  6:01  Roach x3  
  100  6:04  Drone  
  100  6:05  Drone, Overlord  
  100  6:06  Overseer  
  100  6:09  Overlord  
  102  6:19  Overlord  
  102  6:22  Roach x4  
  102  6:25  Roach x2  
  114  6:28  Overlord  
  114  6:30  Roach x2  
  120  6:32  Roach  
  120  6:37  Roach x4  
  120  6:39  Zerg Missile Weapons Level 2  
  128  6:49  Overlord  
  128  6:52  Hatchery  
  128  6:53  Overlord  
  127  6:54  Overlord  
  127  6:56  Overlord  
  127  7:01  Roach x7  
  144  7:08  Roach x5  
  144  7:11  Roach  
  144  7:12  Roach x2  
  152  7:17  Roach x2  
  152  7:21  Overlord  
  158  7:23  Roach  
  158  7:31  Roach x6  
  158  7:33  Glial Reconstitution  
  158  7:35  Overlord  
  170  7:42  Roach x6  
  182  7:45  Overlord  
  182  7:47  Overlord  
  182  7:53  Ravager x4  
  182  7:54  Overlord, Ravager x4  
  182  7:56  Extractor  
  182  7:58  Extractor  
  188  7:59  Overlord  
  188  8:01  Ravager  
  188  8:02  Overlord  
  189  8:09  Ravager x2  
  191  8:29  Ravager x2  
  191  8:30  Ravager x3  
  192  8:46  Roach x6  
  199  9:00  Roach x3  
  189  9:06  Roach x13  
  183  9:14  Roach x7  
  178  9:17  Roach x4  
  178  9:18  Queen x2  
  178  9:20  Ravager  
  178  9:21  Ravager  
  192  9:25  Roach x4  
  198  9:36  Drone x3  
  193  9:39  Spore Crawler  
  193  9:41  Roach  
  193  9:45  Roach x7  
  189  9:56  Roach x6  
  198  10:13  Roach  
  198  10:14  Roach x9  
  176  10:20  Roach  
  176  10:21  Roach x2  
  161  10:25  Roach x3, Ravager x3  
  170  10:30  Roach x5  
  170  10:34  Roach x2  
  185  10:42  Ravager x2  
  185  10:43  Ravager x2  
  185  10:44  Overseer, Ravager  
  185  10:45  Ravager  
  185  10:46  Ravager x2  
  185  10:48  Roach x2  
Show
View Real Time Build Order
Export as new Build Order

Serral Zerg - Winner!

Build Orders: Hatch First, Roach Hydra 

Get SALT Encoding   

  12  0:00  Drone  
  13  0:12  Overlord  
  13  0:17  Drone  
  14  0:30  Drone x2  
  16  0:47  Hatchery  
  15  0:50  Drone  
  15  0:54  Drone  
  17  0:58  Drone  
  18  1:08  Extractor  
  17  1:12  Spawning Pool  
  17  1:15  Drone  
  17  1:19  Drone  
  18  1:28  Drone  
  19  1:39  Drone  
  20  1:49  Drone  
  21  1:59  Queen x2  
  21  2:00  Overlord, Zergling x2  
  26  2:10  Drone x2  
  26  2:12  Metabolic Boost  
  28  2:21  Drone x2  
  30  2:31  Zergling x2  
  30  2:36  Hatchery  
  30  2:37  Drone  
  31  2:48  Baneling Nest  
  31  2:49  Drone, Overlord  
  31  2:53  Drone  
  31  2:54  Drone  
  33  3:01  Queen  
  33  3:05  Drone  
  36  3:11  Drone x3  
  36  3:12  Drone  
  40  3:17  Overlord  
  40  3:21  Drone  
  40  3:22  Drone  
  40  3:26  Zergling x2  
  43  3:29  Zergling x2  
  43  3:30  Evolution Chamber  
  43  3:31  Zergling x2  
  44  3:39  Zergling x2  
  44  3:40  Drone x3  
  48  3:45  Baneling  
  48  3:46  Zergling x2  
  48  3:47  Overlord  
  48  3:48  Drone x2  
  50  3:52  Baneling  
  50  3:57  Zerg Missile Weapons Level 1  
  50  3:58  Drone  
  50  3:59  Roach Warren  
  50  4:01  Drone  
  51  4:04  Drone x2  
  53  4:10  Drone  
  53  4:11  Drone x2  
  53  4:13  Baneling  
  53  4:15  Zergling x4  
  53  4:16  Drone x2  
  59  4:21  Drone, Overlord  
  59  4:23  Drone  
  61  4:29  Lair  
  61  4:30  Extractor x2  
  59  4:33  Drone x3  
  59  4:34  Drone  
  59  4:35  Drone  
  59  4:37  Overlord  
  64  4:42  Drone  
  64  4:43  Drone  
  65  4:48  Drone  
  65  4:49  Drone  
  65  4:50  Drone x2  
  65  4:51  Drone x2  
  71  4:55  Zergling x4  
  71  4:57  Drone x3  
  76  5:00  Overlord, Extractor  
  76  5:01  Extractor x2  
  76  5:04  Pneumatized Carapace  
  76  5:06  Drone  
  74  5:07  Overlord  
  74  5:11  Drone  
  75  5:16  Drone  
  75  5:19  Drone x2  
  75  5:20  Drone x2  
  80  5:21  Drone  
  80  5:26  Overlord  
  80  5:27  Roach x2  
  80  5:28  Roach x2  
  89  5:29  Overseer  
  89  5:31  Overlord  
  89  5:33  Glial Reconstitution  
  89  5:36  Roach x3  
  95  5:46  Hatchery, Overlord  
  95  5:49  Roach x2  
  98  5:51  Roach x2  
  98  5:55  Overseer, Drone  
  103  5:58  Overlord, Evolution Chamber  
  103  6:00  Overlord  
  103  6:03  Roach x2  
  106  6:10  Roach x4  
  114  6:23  Zerg Missile Weapons Level 2  
  114  6:24  Zerg Ground Armor Level 1  
  114  6:25  Drone  
  115  6:26  Overlord, Hydralisk Den  
  115  6:28  Overlord  
  115  6:30  Roach x3  
  120  6:36  Roach x3  
  123  6:51  Spore Crawler  
  123  6:52  Drone x2  
  123  6:53  Overseer, Drone  
  124  6:58  Roach x3  
  124  6:59  Roach x3  
  136  7:03  Grooved Spines  
  136  7:04  Overlord  
  136  7:07  Hydralisk x5  
  146  7:10  Drone  
  146  7:12  Drone  
  148  7:22  Hydralisk  
  148  7:23  Hydralisk x4  
  155  7:33  Overlord x2  
  155  7:34  Overlord  
  155  7:37  Hydralisk x4, Spore Crawler  
  155  7:43  Spore Crawler x2  
  160  7:44  Overlord x2  
  160  7:45  Overlord  
  160  7:47  Ravager  
  160  7:48  Ravager x3  
  164  7:53  Overlord x2  
  164  7:59  Roach x4  
  164  8:03  Baneling  
  164  8:04  Baneling  
  172  8:06  Roach  
  172  8:07  Roach x3  
  172  8:12  Roach x4  
  188  8:14  Muscular Augments  
  188  8:15  Roach x2  
  192  8:20  Roach x3  
  197  8:37  Roach  
  197  8:45  Roach x5  
  197  8:49  Roach  
  197  8:54  Zerg Ground Armor Level 2  
  195  9:03  Roach  
  195  9:04  Roach x2  
  195  9:08  Roach x7  
  188  9:16  Roach x10  
  195  9:23  Roach x2  
  199  9:36  Extractor  
  198  9:45  Tunneling Claws  
  188  9:46  Burrow  
  188  9:49  Infestation Pit  
  188  9:50  Roach x8  
  188  9:51  Roach  
  193  9:54  Roach x2  
  193  9:55  Roach  
  190  10:03  Roach, Ravager  
  190  10:04  Roach x2  
  194  10:11  Roach x7  
  166  10:15  Roach x4  
  168  10:23  Roach x4  
  168  10:27  Hydralisk x2, Queen  
  182  10:31  Extractor  
  181  10:37  Roach x8  
  181  10:40  Hatchery  
  196  10:44  Ravager  
  197  10:52  Ravager x2  
Tags
 
Add a new tag
Caveats
  • Supply blocks, unpowered buildings, or Contaminate may cause inaccurate times.
  • Supply counts are checked every 10 seconds.